[Event "Titled Tuesday Blitz March 14 Late 2023"]
[White "Garcia Pantoja, Roberto"]
[Black "Nesterov, Arseniy"]
[WhiteFideId "3509265"]
[BlackFideId "24198455"]
[WhiteElo "2544"]
[BlackElo "2491"]
[Result "1-0"]
[Round "10"]
[TimeControl "180+2"]
[Date "2023.03.14"]
[WhiteClock "0:00:19"]
[BlackClock "0:00:05"]

1. e4 e5 2. Nf3 Nc6 3. Bb5 a6 4. Ba4 b5 5. Bb3 Na5 6. O-O d6 7. d4 exd4 8. Nxd4 Bb7 9. c4 c5 10. Nf5 g6 11. Ng3 Bg7 12. Nc3 Nxb3 13. axb3 b4 14. Na4 Qc7 15. Bf4 Rd8 16. Qd2 Ne7 17. Bh6 O-O 18. Bxg7 Kxg7 19. Rae1 Nc6 20. f4 Nd4 21. f5 f6 22. Re3 Rde8 23. Rf4 d5 24. Rg4 dxc4 25. Nh5+ Kf7 26. fxg6+ hxg6 27. Reg3 Rxe4 28. Rxg6 Qe5 29. Rxf6+ Ke8 30. Rxf8+ Kxf8 31. Qh6+ Ke8 32. Rg8+ Kd7 33. Rg7+ Kc8 34. Nb6+ Kd8 35. Rd7+ Ke8 36. Qg6+ Kf8 37. Qf7# 1-0


[Site "https://www.chess.com"]

[Event "Titled Tuesday Blitz March 14 Late 2023"]
[White "Avila Pavas, Santiago"]
[Black "Martinez Alcantara, Jose Eduardo"]
[WhiteFideId "4437128"]
[BlackFideId "3805662"]
[WhiteElo "2365"]
[BlackElo "2712"]
[Result "0-1"]
[Round "10"]
[TimeControl "180+2"]
[Date "2023.03.14"]
[WhiteClock "0:00:02"]
[BlackClock "0:01:12"]

1. d4 Nf6 2. Nf3 e6 3. Bf4 b6 4. e3 Bb7 5. Nbd2 Nh5 6. Bg5 Be7 7. Bxe7 Qxe7 8. Bd3 O-O 9. Qe2 Nf6 10. e4 d6 11. c3 e5 12. O-O-O Nbd7 13. Rhe1 a6 14. g3 c5 15. Kb1 b5 16. Nf1 g6 17. Bc2 Rfe8 18. dxe5 dxe5 19. Qe3 c4 20. Qh6 Ng4 21. Qh3 Ndf6 22. Qg2 Nd7 23. h3 Ngf6 24. Ne3 Nc5 25. Nd5 Bxd5 26. exd5 Qd6 27. h4 Rab8 28. a3 a5 29. Nd2 Red8 30. h5 Nxh5 31. Nf3 b4 32. axb4 axb4 33. Nxe5 bxc3 34. Nxc4 Qa6 35. Rd4 Rxb2+ 36. Nxb2 Qb6 37. Bb3 Qxb3 38. f4 Ra8 39. Qc2 Ra1+ 40. Kxa1 Qxc2 0-1


[Site "https://www.chess.com"]

[Event "Titled Tuesday Blitz March 14 Late 2023"]
[White "Steinberg, Nitzan"]
[Black "Matinian, Nikita"]
[WhiteFideId "2801795"]
[BlackFideId "24129100"]
[WhiteElo "2486"]
[BlackElo "2422"]
[Result "1-0"]
[Round "10"]
[TimeControl "180+2"]
[Date "2023.03.14"]
[WhiteClock "0:00:37"]
[BlackClock "0:00:02"]

1. Nf3 Nf6 2. g3 g6 3. Bg2 Bg7 4. O-O O-O 5. d4 d6 6. c4 c6 7. Nc3 Bf5 8. Nh4 Be6 9. b3 Na6 10. Bb2 d5 11. cxd5 cxd5 12. Rc1 Rc8 13. Nf3 Nb4 14. Qd2 a5 15. Ne5 Nd7 16. f4 Nxe5 17. fxe5 f6 18. exf6 Bxf6 19. Kh1 Qd7 20. Na4 Rxc1 21. Bxc1 Bh3 22. Nc5 Bxg2+ 23. Kxg2 Qc8 24. Ba3 b6 25. Bxb4 axb4 26. Nd3 Qc3 27. Qxc3 bxc3 28. e3 b5 29. h4 Ra8 30. Rf2 Kg7 31. Rc2 Rc8 32. Kf3 e6 33. b4 h5 34. Nc5 Kf7 35. Rxc3 Ra8 36. a3 g5 37. hxg5 Bxg5 38. Nd7 Kg6 39. Ne5+ Kf5 40. Rc7 Rxa3 41. Rf7+ Bf6 42. Nd7 1-0


[Site "https://www.chess.com"]

[Event "Titled Tuesday Blitz March 14 Late 2023"]
[White "Kamsky, Gata"]
[Black "Sakun, Volodymyr"]
[WhiteFideId "2000024"]
[BlackFideId "14114062"]
[WhiteElo "2666"]
[BlackElo "2331"]
[Result "1-0"]
[Round "10"]
[TimeControl "180+2"]
[Date "2023.03.14"]
[WhiteClock "0:01:22"]
[BlackClock "0:00:17"]

1. e4 e5 2. Nf3 Nc6 3. Bb5 Nf6 4. O-O Nxe4 5. d4 Nd6 6. Bxc6 dxc6 7. dxe5 Nf5 8. Qxd8+ Kxd8 9. Rd1+ Ke8 10. Nc3 Bb4 11. Ne2 h6 12. Nf4 Ne7 13. h3 Bf5 14. c3 Bc5 15. Nh5 Rg8 16. g4 Be4 17. Nd4 Nd5 18. c4 Nb4 19. Be3 Bxd4 20. Bxd4 Nc2 21. Rac1 Nb4 22. e6 fxe6 23. Bxg7 Kf7 24. Rd7+ 1-0


[Site "https://www.chess.com"]

[Event "Titled Tuesday Blitz March 14 Late 2023"]
[White "Aldokhin, Ivan"]
[Black "Rustemov, Alexander"]
[WhiteFideId "24115720"]
[BlackFideId "4119002"]
[WhiteElo "2322"]
[BlackElo "2927"]
[Result "1-0"]
[Round "10"]
[TimeControl "180+2"]
[Date "2023.03.14"]
[WhiteClock "0:00:10"]
[BlackClock "0:00:25"]

1. e4 e6 2. d4 d5 3. Nc3 dxe4 4. Nxe4 Bd7 5. Bd3 Bc6 6. Nf3 Nd7 7. Qe2 Ngf6 8. Bg5 Be7 9. h4 h6 10. Bxf6 Nxf6 11. O-O-O Qd5 12. Ne5 Nxe4 13. Nxc6 Nc3 14. bxc3 Qxc6 15. Bb5 O-O 16. Bxc6 bxc6 17. Qc4 Rab8 18. Kd2 c5 19. Ke2 Rb2 20. Rd2 Rfb8 21. dxc5 Bf6 22. g4 g6 23. f4 Bg7 24. h5 gxh5 25. gxh5 Kh8 26. Rg1 Re8 27. Kf3 Rf8 28. Qe4 Rb5 29. Qe3 c6 30. Rdg2 Bf6 31. f5 Bg5 32. Rxg5 1-0


[Site "https://www.chess.com"]

[Event "Titled Tuesday Blitz March 14 Late 2023"]
[White "Priasmoro, Novendra"]
[Black "Kozak, Adam"]
[WhiteFideId "7105029"]
[BlackFideId "753246"]
[WhiteElo "2412"]
[BlackElo "2469"]
[Result "0-1"]
[Round "10"]
[TimeControl "180+2"]
[Date "2023.03.14"]
[WhiteClock "0:00:04"]
[BlackClock "0:00:08"]

1. e4 e5 2. Nf3 Nc6 3. Bb5 Nf6 4. O-O Nxe4 5. Re1 Nd6 6. Nxe5 Be7 7. Bf1 Nxe5 8. Rxe5 O-O 9. d4 Bf6 10. Re1 Re8 11. Bf4 Rxe1 12. Qxe1 Ne8 13. c3 d5 14. Bd3 c6 15. Nd2 g6 16. Be5 Ng7 17. Nf3 Bf5 18. Bxf5 Nxf5 19. Bxf6 Qxf6 20. Qe5 Qxe5 21. Nxe5 f6 22. Nd3 Nd6 23. Re1 Kf7 24. f3 a5 25. Kf2 a4 26. a3 b6 27. Nb4 Rc8 28. Re2 Nc4 29. g4 Nd6 30. h4 h5 31. gxh5 gxh5 32. Nd3 Nf5 33. Nf4 Nxh4 34. Nxh5 Nf5 35. Nf4 Rh8 36. Kg2 Rg8+ 37. Kf2 Rh8 38. Kg2 Ng7 39. Kg3 Rc8 40. Kg4 Rg8 41. Kh3 Nf5 42. Kh2 Nh4 43. Re3 Rg5 44. Ne6 Nxf3+ 45. Kh3 Rg8 46. Nf4 Ng5+ 47. Kh2 Ne4 48. c4 Nf2 49. Rc3 Ne4 50. Re3 Rg4 51. Ne2 dxc4 52. Kh3 Nf2+ 53. Kh2 Re4 54. Rxe4 Nxe4 55. Kg2 Ke6 56. Kf3 f5 57. Ke3 Nf6 58. Nf4+ Kd6 59. Ne2 Nd5+ 60. Kf3 b5 61. Ng3 Ke6 62. Ne2 Kf6 63. Kf2 f4 64. Kf3 Kf5 65. Ng1 c3 66. bxc3 Nxc3 67. Nh3 Nd5 68. Nf2 b4 69. axb4 a3 0-1


[Site "https://www.chess.com"]

[Event "Titled Tuesday Blitz March 14 Late 2023"]
[White "Hansen, Eric"]
[Black "Vlassov, Nikolai"]
[WhiteFideId "2606771"]
[BlackFideId "4103360"]
[WhiteElo "2569"]
[BlackElo "2324"]
[Result "1-0"]
[Round "10"]
[TimeControl "180+2"]
[Date "2023.03.14"]
[WhiteClock "0:01:04"]
[BlackClock "0:00:37"]

1. d4 Nf6 2. Nf3 e6 3. c4 Nc6 4. Nc3 Bb4 5. Qc2 d6 6. e3 O-O 7. Be2 e5 8. O-O Bg4 9. h3 Bxf3 10. Bxf3 exd4 11. Bxc6 dxc3 12. Bxb7 Rb8 13. Bf3 cxb2 14. Bxb2 Qe7 15. Rad1 Bc5 16. Ba1 Nd7 17. g3 f6 18. Kg2 Kh8 19. h4 Ne5 20. Be2 Rb6 21. h5 h6 22. f4 Nc6 23. Qf5 Nb4 24. a3 Qxe3 25. Bf3 Nc6 26. Be4 Kg8 27. Qh7+ Kf7 28. Bg6+ Ke7 29. Qxg7+ 1-0


[Site "https://www.chess.com"]

[Event "Titled Tuesday Blitz March 14 Late 2023"]
[White "Yeletsky, Ivan"]
[Black "Almeida Quintana, Omar"]
[WhiteFideId "24180327"]
[BlackFideId "3503313"]
[WhiteElo "2414"]
[BlackElo "2530"]
[Result "0-1"]
[Round "10"]
[TimeControl "180+2"]
[Date "2023.03.14"]
[WhiteClock "0:00:04"]
[BlackClock "0:00:29"]

1. e4 d6 2. d4 Nf6 3. f3 c6 4. Be3 e5 5. dxe5 dxe5 6. Qxd8+ Kxd8 7. Bc4 Ke8 8. a4 Nbd7 9. Nd2 Bc5 10. Kf2 Bxe3+ 11. Kxe3 a5 12. Ne2 Nc5 13. Nc1 Be6 14. Bxe6 Nxe6 15. Nd3 Nd7 16. Nc4 f6 17. Nd6+ Ke7 18. Nf5+ Kd8 19. Rhd1 Kc7 20. c3 Nb6 21. b3 Rad8 22. g3 Rd7 23. Ke2 Rhd8 24. Ne3 h5 25. f4 exf4 26. Nxf4 Nxf4+ 27. gxf4 Rxd1 28. Nxd1 Re8 29. Kf3 Nd7 30. b4 g5 31. Ne3 g4+ 32. Kg3 axb4 33. e5 bxc3 34. Kh4 fxe5 35. f5 Nf6 36. Rc1 Nd5 37. Nd1 e4 38. Nxc3 Nxc3 39. Rxc3 e3 40. Rc1 e2 41. Re1 Kd6 42. Kxh5 Kd5 43. f6 Kd4 44. f7 Rh8+ 45. Kxg4 Ke3 46. Kg5 Kd2 47. Ra1 e1=Q 48. Rxe1 Kxe1 49. h4 c5 50. Kg6 c4 51. Kg7 Rc8 52. h5 c3 53. h6 c2 54. f8=Q Rxf8 55. Kxf8 c1=Q 56. h7 Qa1 57. Kg8 Qa2+ 58. Kg7 Qxa4 0-1


[Site "https://www.chess.com"]

[Event "Titled Tuesday Blitz March 14 Late 2023"]
[White "Ozen, Bahadir"]
[Black "O`Gorman, Tom"]
[WhiteFideId "6337058"]
[BlackFideId "2508249"]
[WhiteElo "2503"]
[BlackElo "2271"]
[Result "1-0"]
[Round "10"]
[TimeControl "180+2"]
[Date "2023.03.14"]
[WhiteClock "0:02:01"]
[BlackClock "0:02:23"]

1. d4 Nf6 2. Nf3 g6 3. e3 Bg7 4. Be2 O-O 5. O-O d6 6. c4 Nbd7 7. Nc3 e5 8. Qc2 c6 9. Rd1 Qc7 10. b3 Re8 11. h3 e4 12. Nh2 d5 13. Ba3 a6 14. cxd5 cxd5 15. Rac1 Qa5 16. Bd6 b5 17. a4 b4 18. Na2 Bf8 19. Bc7 Nb6 20. Qc6 Re6 21. Qxa8 1-0


[Site "https://www.chess.com"]

[Event "Titled Tuesday Blitz March 14 Late 2023"]
[White "Melikyan, Gnel"]
[Black "Adewumi, Tanitoluwa"]
[WhiteFideId "54109990"]
[BlackFideId "30966396"]
[WhiteElo "2138"]
[BlackElo "2807"]
[Result "0-1"]
[Round "10"]
[TimeControl "180+2"]
[Date "2023.03.14"]
[WhiteClock "0:00:08"]
[BlackClock "0:00:14"]

1. e4 c5 2. Nf3 e6 3. d4 cxd4 4. Nxd4 Nc6 5. Nc3 Qc7 6. Be3 a6 7. Qf3 Bd6 8. O-O-O Be5 9. Qe2 Nge7 10. g3 b5 11. Bg2 Nxd4 12. Bxd4 Bxd4 13. Rxd4 Nc6 14. Rd2 b4 15. Na4 O-O 16. f4 d6 17. Rhd1 Rd8 18. Qe3 Rb8 19. b3 a5 20. Bf1 Na7 21. Kb1 Nb5 22. Bxb5 Rxb5 23. Rd4 Ba6 24. c4 bxc3 25. Qxc3 Qb8 26. Qc6 Bb7 27. Qc4 Rb4 28. Qd3 Bc6 29. Nb2 Qb7 30. Rxb4 Qxb4 31. e5 Be4 0-1


[Site "https://www.chess.com"]

[Event "Titled Tuesday Blitz March 14 Late 2023"]
[White "Domingo Nunez, Ruben"]
[Black "Galchenko, Matvey"]
[WhiteFideId "22245570"]
[BlackFideId "24175480"]
[WhiteElo "2404"]
[BlackElo "2404"]
[Result "1-0"]
[Round "10"]
[TimeControl "180+2"]
[Date "2023.03.14"]
[WhiteClock "0:00:38"]
[BlackClock "0:00:08"]

1. b3 e5 2. Bb2 d5 3. e3 Nc6 4. Nf3 e4 5. Ne5 Nxe5 6. Bxe5 Nf6 7. c4 c6 8. Be2 Bd6 9. Bb2 O-O 10. Nc3 a6 11. Qc2 Qe7 12. Na4 Be6 13. c5 Bc7 14. Bd4 Nd7 15. Qc3 f6 16. f4 exf3 17. gxf3 Be5 18. O-O-O Bf5 19. Bd3 Bxd4 20. exd4 Bxd3 21. Qxd3 Qf7 22. Rhg1 Rae8 23. Rg2 Re7 24. Rdg1 Qe6 25. Kc2 Qh3 26. Nc3 a5 27. Nd1 Kh8 28. Ne3 g6 29. Rg3 Qh5 30. Qf1 Qh6 31. Rh3 Qg7 32. Nf5 gxf5 33. Rxg7 Rxg7 34. Rh5 Rg6 35. Qh3 Rf7 36. Qxf5 Nf8 37. f4 Kg7 38. Rh3 Re7 39. Re3 Rf7 40. h4 Rg1 41. h5 Kg8 42. Qh3 Rfg7 43. Qh4 Kf7 44. Qh3 R7g4 45. Qf3 Ne6 46. Rxe6 Kxe6 47. f5+ Kf7 48. Qe3 R1g3 49. Qe6+ Kg7 50. Qe7+ Kh6 51. Qxb7 Rxd4 52. Qxc6 Kg5 53. Qe8 Rgd3 54. Qe2 Rg3 55. c6 Re4 56. Qxe4 dxe4 57. c7 Kxf5 58. c8=Q+ Kf4 59. Qc7+ Kf3 60. Qxh7 Kf4 61. Qc7+ Kf3 62. Qc6 f5 63. h6 Rh3 64. Qg6 f4 65. h7 e3 66. dxe3 Rh2+ 67. Kd3 fxe3 68. Qf5+ Kg3 69. Qe5+ Kg2 70. Qxh2+ Kxh2 71. h8=Q+ 1-0


[Site "https://www.chess.com"]

[Event "Titled Tuesday Blitz March 14 Late 2023"]
[White "Oro, Faustino"]
[Black "Di Berardino, Diego Rafael"]
[WhiteFideId "20000197"]
[BlackFideId "2105446"]
[WhiteElo "1984"]
[BlackElo "2432"]
[Result "1-0"]
[Round "10"]
[TimeControl "180+2"]
[Date "2023.03.14"]
[WhiteClock "0:00:05"]
[BlackClock "0:00:01"]

1. e4 c5 2. Nf3 b6 3. Nc3 Bb7 4. d3 e6 5. g3 Nf6 6. Bg2 d5 7. Qe2 Be7 8. O-O O-O 9. Rd1 Nc6 10. Bg5 a6 11. a4 Nd4 12. Nxd4 cxd4 13. Nb1 h6 14. Bf4 Rc8 15. Na3 Qd7 16. exd5 Nxd5 17. Be5 Bc5 18. Nc4 f6 19. Bf4 Nxf4 20. gxf4 Bxg2 21. Kxg2 b5 22. axb5 axb5 23. Na5 Bb6 24. Nb3 Rc6 25. Kg1 Rfc8 26. Rdc1 Qd5 27. Ra6 Bd8 28. Rxc6 Rxc6 29. Nd2 Bc7 30. Qg4 h5 31. Qh4 Qf5 32. Ne4 Bxf4 33. Ra1 Rxc2 34. Ra8+ Kh7 35. Ra7 Be3 36. Nxf6+ Kg6 37. Ne4 Rc1+ 38. Kg2 Bh6 39. Qg3+ Kh7 40. h3 Rc2 41. b4 Rb2 42. Rd7 Rxb4 43. Nd6 Qf6 44. Ne4 Qf5 45. Rd8 Rb1 46. Qb8 Qg6+ 47. Ng3 1-0


[Site "https://www.chess.com"]

[Event "Titled Tuesday Blitz March 14 Late 2023"]
[White "Averjanov, Alexey"]
[Black "Gubajdullin, Alexei"]
[WhiteFideId "14109867"]
[BlackFideId "4141202"]
[WhiteElo "2730"]
[BlackElo "2267"]
[Result "1/2-1/2"]
[Round "10"]
[TimeControl "180+2"]
[Date "2023.03.14"]
[WhiteClock "0:00:38"]
[BlackClock "0:00:08"]

1. d4 Nf6 2. c4 g6 3. Nc3 Bg7 4. e4 O-O 5. Be2 d6 6. Nf3 Na6 7. O-O e5 8. Re1 c6 9. Bg5 Qe8 10. d5 c5 11. Nd2 h6 12. Be3 Bd7 13. a3 Nh7 14. b4 b6 15. Rb1 f5 16. f3 f4 17. Bf2 g5 18. Nb5 Qg6 19. Qa4 Nc7 20. bxc5 dxc5 21. Qc2 Ne8 22. a4 h5 23. a5 g4 24. Bh4 Bf6 25. Bxf6 Rxf6 26. axb6 axb6 27. Ra1 Rxa1 28. Rxa1 Ng5 29. Kh1 gxf3 30. Bxf3 Bxb5 31. cxb5 Nd6 32. Ra8+ Rf8 33. Qa4 h4 34. h3 Nxf3 35. Rxf8+ Kxf8 36. Nxf3 Nxe4 37. Qa8+ Kg7 38. Qb7+ Kh6 39. Nxe5 Nf2+ 40. Kg1 Nxh3+ 41. Kh1 Nf2+ 42. Kg1 Nh3+ 43. Kh2 Qg3+ 44. Kh1 Qe1+ 45. Kh2 Qg3+ 46. Kh1 Qe1+ 47. Kh2 Qg3+ 1/2-1/2


[Site "https://www.chess.com"]

[Event "Titled Tuesday Blitz March 14 Late 2023"]
[White "Osmak, Yuliia"]
[Black "Cardoso Cardoso, Jose Gabriel"]
[WhiteFideId "14101602"]
[BlackFideId "4430492"]
[WhiteElo "2271"]
[BlackElo "2496"]
[Result "1/2-1/2"]
[Round "10"]
[TimeControl "180+2"]
[Date "2023.03.14"]
[WhiteClock "0:00:03"]
[BlackClock "0:00:04"]

1. d4 Nf6 2. Bf4 d5 3. e3 Bf5 4. c4 e6 5. Nc3 c6 6. Qb3 Qc8 7. Nf3 h6 8. h3 Be7 9. Be2 O-O 10. O-O a5 11. Rac1 Nbd7 12. c5 Ne4 13. Nxe4 Bxe4 14. Ne5 Bd8 15. Bd3 Bxd3 16. Qxd3 Bc7 17. Nxd7 Qxd7 18. Bxc7 Qxc7 19. f4 f6 20. Rf2 Rae8 21. Rcf1 Rf7 22. Qc3 Rfe7 23. Qc2 Qd7 24. Qd2 Qd8 25. Qd3 Rf8 26. Rf3 Rff7 27. Qd2 Re8 28. Qc3 Rfe7 29. R3f2 Qc7 30. Qd3 b6 31. cxb6 Qxb6 32. Qc3 e5 33. dxe5 fxe5 34. f5 Rf7 35. f6 g6 36. Kh1 Re6 37. Qc2 Kh7 38. e4 d4 39. Qc4 c5 40. b3 Qd6 41. Rf3 h5 42. R3f2 Rfxf6 43. Rxf6 Rxf6 44. Rxf6 Qxf6 45. Qxc5 d3 46. Qd5 Qf1+ 47. Kh2 Qf4+ 48. Kh1 d2 49. Qd7+ Kh6 50. Qd8 Qf1+ 51. Kh2 d1=Q 52. Qh8+ Kg5 53. Qxe5+ Kh6 54. Qh8+ Kg5 55. Qe5+ Qf5 56. exf5 gxf5 57. Qg3+ Kh6 58. Qf4+ Kg6 59. Qg3+ Kh6 60. Qf3 Qd6+ 61. Qg3 f4 62. Qf3 h4 63. Kg1 Qd4+ 64. Kh2 Qe5 65. Kh1 Qe1+ 66. Kh2 Qe5 67. Kg1 Qd4+ 68. Qf2 Qf6 69. Kh2 Kg5 70. Qc5+ Kh6 71. Qxa5 Qd6 72. Qc3 f3+ 73. Kg1 Qd1+ 74. Kh2 Qd6+ 75. Kg1 Qd1+ 76. Kh2 Qd6+ 1/2-1/2


[Site "https://www.chess.com"]

[Event "Titled Tuesday Blitz March 14 Late 2023"]
[White "Mirzoev, Azer"]
[Black "Garrido Dominguez, Jesus"]
[WhiteFideId "13400304"]
[BlackFideId "2254174"]
[WhiteElo "2525"]
[BlackElo "2385"]
[Result "0-1"]
[Round "10"]
[TimeControl "180+2"]
[Date "2023.03.14"]
[WhiteClock "0:00:01"]
[BlackClock "0:00:04"]

1. d4 Nf6 2. Nf3 e6 3. c4 b6 4. Nc3 Bb7 5. Bg5 Be7 6. e3 d6 7. Qc2 Nbd7 8. Be2 h6 9. Bh4 e5 10. O-O-O Qc8 11. Rhe1 O-O 12. Kb1 Re8 13. a3 a6 14. Ka1 Bd8 15. h3 Nf8 16. dxe5 dxe5 17. Bg3 e4 18. Nd4 Ng6 19. c5 bxc5 20. Nb3 Be7 21. Na4 Bd5 22. Nbxc5 Qf5 23. Rc1 Ne5 24. Red1 a5 25. Nc3 Bc6 26. Nb5 Nd3 27. Nxd3 Bxb5 28. Nf4 Bxe2 29. Nxe2 c5 30. Nc3 Rad8 31. Qa4 Rd3 32. Qxa5 Nh5 33. Qb5 Red8 34. Rxd3 exd3 35. Bc7 Rc8 36. g4 Qe6 37. Bh2 d2 38. Rd1 Rd8 39. gxh5 Bf6 40. Qxc5 Qb3 41. Be5 Rb8 42. Bxb8 Bxc3 43. Qc8+ Kh7 44. Qf5+ Kg8 45. Rxd2 Bxd2 46. Qc8+ Kh7 47. Qf5+ Kg8 48. Be5 Qc4 49. Bd4 Qc1+ 50. Qb1 Qc4 51. Qd1 Ba5 52. Kb1 Qd5 53. Qg4 Qh1+ 54. Ka2 Qd5+ 55. Kb1 f6 56. Qg6 Qh1+ 57. Kc2 Qc6+ 0-1


[Site "https://www.chess.com"]

[Event "Titled Tuesday Blitz March 14 Late 2023"]
[White "Arabidze, Meri"]
[Black "Xu, Yi"]
[WhiteFideId "13604040"]
[BlackFideId "8605564"]
[WhiteElo "2405"]
[BlackElo "2471"]
[Result "1-0"]
[Round "10"]
[TimeControl "180+2"]
[Date "2023.03.14"]
[WhiteClock "0:00:22"]
[BlackClock "0:00:16"]

1. d4 Nf6 2. Nf3 d5 3. c4 e6 4. Nc3 Bb4 5. Bg5 h6 6. Bxf6 Qxf6 7. Qa4+ Nc6 8. e3 O-O 9. Be2 Bd7 10. Qc2 dxc4 11. O-O Qe7 12. Bxc4 Bd6 13. Rad1 a6 14. h3 e5 15. Nd5 Qd8 16. dxe5 Nxe5 17. Nxe5 Bxe5 18. f4 Bd6 19. Nb6 Rb8 20. Nxd7 Qxd7 21. e4 Rbd8 22. e5 Bc5+ 23. Kh1 Qe7 24. Qe4 c6 25. Bd3 f5 26. Qc4+ Kh8 27. Bc2 Bb6 28. Bb3 Bc7 29. Qe6 Qxe6 30. Bxe6 g6 31. g3 Kg7 32. Kg2 Rfe8 33. Bd7 Re7 34. e6 Kf6 35. Kf3 Rg7 36. h4 h5 37. Rfe1 Ke7 38. b4 a5 39. Rb1 1-0


[Site "https://www.chess.com"]

[Event "Titled Tuesday Blitz March 14 Late 2023"]
[White "Yuan, Qingyu"]
[Black "Yelisieiev, Yevhenii"]
[WhiteFideId "8609772"]
[BlackFideId "14139642"]
[WhiteElo "2359"]
[BlackElo "2447"]
[Result "1-0"]
[Round "10"]
[TimeControl "180+2"]
[Date "2023.03.14"]
[WhiteClock "0:00:03"]
[BlackClock "0:00:01"]

1. e4 d6 2. d4 Nf6 3. Nc3 e5 4. Nf3 Nbd7 5. Rg1 c6 6. g4 h6 7. Be3 Be7 8. Qd2 b5 9. a3 a5 10. h4 exd4 11. Nxd4 Ne5 12. f4 Nfxg4 13. O-O-O b4 14. Na4 Bxh4 15. fxe5 Nxe3 16. Qxe3 Bg5 17. Rxg5 Qxg5 18. Qxg5 hxg5 19. exd6 Bg4 20. Re1 O-O-O 21. e5 Kb7 22. Bg2 Bd7 23. Nb3 Be8 24. Nxa5+ Ka6 25. axb4 Kb5 26. Nc5 Kxb4 27. Nab7 Ra8 28. Kd2 Rh2 29. Re2 Ra7 30. c3+ Kb5 31. Bf1 Rxe2+ 32. Bxe2+ Kb6 33. Bg4 Ra2 34. Kc2 Ra1 35. d7 Bxd7 36. Bxd7 Rg1 37. b4 Kc7 38. Bf5 g4 39. Nd6 g3 40. Be4 g2 41. Bxg2 Rxg2+ 42. Kd3 f6 43. Nf5 fxe5 44. Nxg7 Rg3+ 45. Kc4 Kb6 46. Nf5 Rg4+ 47. Kd3 Rf4 48. Ne3 Rh4 49. Nc4+ Kb5 50. Nxe5 Rh3+ 51. Kd4 Rh4+ 52. Ne4 c5+ 53. bxc5 Rh1 54. Nd6+ Ka6 55. Nec4 Rh4+ 56. Kd5 Rh5+ 57. Ne5 Rh3 58. c4 Rh1 59. Nf5 Rd1+ 60. Nd4 Rh1 61. c6 Kb6 62. Kd6 Rh6+ 63. Ne6 Rh1 64. c5+ Kb5 65. Nf4 Rh8 66. c7 Rc8 67. Nd5 Rh8 68. Ng4 Rc8 69. Ngf6 1-0


[Site "https://www.chess.com"]

[Event "Titled Tuesday Blitz March 14 Late 2023"]
[White "Pham, Khoi"]
[Black "Costachi, Mihnea"]
[WhiteFideId "1054988"]
[BlackFideId "1217518"]
[WhiteElo "2581"]
[BlackElo "2456"]
[Result "1-0"]
[Round "10"]
[TimeControl "180+2"]
[Date "2023.03.14"]
[WhiteClock "0:00:19"]
[BlackClock "0:00:07"]

1. e4 g6 2. d4 Bg7 3. Nc3 d6 4. f4 Nf6 5. Nf3 O-O 6. Bd3 c5 7. d5 b5 8. Nxb5 c4 9. Bxc4 Nxe4 10. O-O Qb6+ 11. Kh1 Ba6 12. Qe2 Nf6 13. Be3 Qb7 14. Rad1 Bxb5 15. Bxb5 Nxd5 16. Bc1 Nf6 17. Rfe1 a6 18. Bc4 Nc6 19. b3 Rfd8 20. Bxf7+ Kh8 21. Ng5 Rf8 22. Be6 Nd8 23. Bc4 h6 24. Ne6 Nxe6 25. Qxe6 Rae8 26. Bd3 Kh7 27. Bb2 Qd7 28. Qe2 Qg4 29. g3 h5 30. Bxa6 e5 31. Qxg4 Nxg4 32. Rxd6 exf4 33. Rxe8 Rxe8 34. Rd7 Re1+ 35. Kg2 Ne3+ 36. Kf3 Nf5 37. Bxg7 Nxg7 38. Kxf4 Kh6 39. a4 g5+ 40. Kf3 g4+ 41. Kf2 Rh1 42. Bd3 Rxh2+ 43. Ke3 h4 44. gxh4 g3 45. Kf3 g2 46. Kf2 Kh5 47. Rxg7 Rh1 48. Rxg2 Kxh4 49. a5 Kh3 50. Rg3+ Kh2 51. Rg2+ Kh3 52. Bf5+ Kh4 53. Rg1 Rh2+ 54. Kf3 Rd2 55. a6 Rd5 56. Be4 Rd7 57. Bb7 Rf7+ 58. Ke3 Kh3 59. a7 Rxb7 60. a8=Q Re7+ 61. Kd3 Rd7+ 62. Kc3 Rh7 63. Qh1# 1-0


[Site "https://www.chess.com"]

[Event "Titled Tuesday Blitz March 14 Late 2023"]
[White "Harvey, Marcus R"]
[Black "Jaskolka, Tomasz"]
[WhiteFideId "400092"]
[BlackFideId "1170791"]
[WhiteElo "2457"]
[BlackElo "2155"]
[Result "0-1"]
[Round "10"]
[TimeControl "180+2"]
[Date "2023.03.14"]
[WhiteClock "0:00:35"]
[BlackClock "0:00:06"]

1. c4 c6 2. g3 d5 3. Nf3 Nf6 4. Bg2 Bf5 5. cxd5 cxd5 6. Qb3 Qc8 7. Nc3 e6 8. d3 Nc6 9. Bf4 Bc5 10. O-O O-O 11. Rac1 Qd7 12. e4 Bg6 13. Rfd1 Bb6 14. Na4 Qe7 15. Nxb6 axb6 16. e5 Nd7 17. d4 Rfc8 18. a3 Na5 19. Qb5 Rc6 20. Nd2 Rac8 21. Rxc6 bxc6 22. Qb4 c5 23. dxc5 Qxc5 24. Qxc5 bxc5 25. b4 cxb4 26. axb4 Nc4 27. Nxc4 Rxc4 28. Ra1 Rxb4 29. Bf1 h6 30. Ra7 Nc5 31. f3 Bd3 32. Be3 d4 33. Ra8+ Kh7 34. Rd8 dxe3 35. Rxd3 Nxd3 36. Bxd3+ g6 37. Kf1 Rb2 38. h4 Kg7 39. f4 Rf2+ 40. Kg1 f6 41. exf6+ Kxf6 42. Be4 Rd2 43. Kf1 Rb2 44. Ke1 g5 45. hxg5+ hxg5 46. Kf1 gxf4 47. gxf4 Kg7 48. Ke1 Kh6 49. Bf3 Kg6 50. Bg4 Kf6 51. Kd1 Rb4 52. Ke2 Rxf4 53. Bf3 Rxf3 54. Kxf3 Kf5 55. Kxe3 Ke5 56. Kd3 Kf4 57. Kd2 Kf3 58. Ke1 Ke3 59. Kf1 e5 60. Ke1 e4 61. Kd1 Kf2 0-1


[Site "https://www.chess.com"]

[Event "Titled Tuesday Blitz March 14 Late 2023"]
[White "Bilych, Olexiy"]
[Black "Rodchenkov, Sergey D."]
[WhiteFideId "14156504"]
[BlackFideId "4168712"]
[WhiteElo "2320"]
[BlackElo "2277"]
[Result "0-1"]
[Round "10"]
[TimeControl "180+2"]
[Date "2023.03.14"]
[WhiteClock "0:00:11"]
[BlackClock "0:00:24"]

1. d4 d5 2. c4 dxc4 3. e4 e5 4. Nf3 exd4 5. Bxc4 Nc6 6. O-O Be6 7. Bb5 Bc5 8. b4 Bb6 9. a4 a6 10. Bxc6+ bxc6 11. a5 Ba7 12. Bb2 Qd6 13. Bxd4 Rd8 14. Ra3 Bxd4 15. Qe2 Qxb4 16. Qxa6 Ne7 17. Nxd4 Qxd4 18. Qb7 O-O 19. Qxc7 Rd7 20. Qg3 c5 21. a6 Nc6 22. Nc3 Bc4 23. Rfa1 Ra8 24. h3 Qe5 25. Qe3 Nd4 26. Rc1 Qe6 27. Qf4 h6 28. a7 Nc6 29. Nd5 Raxa7 30. Rxa7 Rxa7 31. Rxc4 Ra5 32. Qc7 Kh7 33. Kh2 Rb5 34. Qf4 Ne5 35. Nc7 Qxc4 36. Nxb5 Ng6 37. Qb8 Qxe4 38. Qc7 Qd5 39. Nc3 Qd4 40. Nb5 Qxf2 41. Nd6 Nf4 42. Qc6 Nh5 43. Qe4+ g6 44. Nc4 Qd4 45. Qe2 Nf4 46. Qa2 Nd3 47. Nd2 Qf4+ 48. Kg1 Ne1 49. Nf1 Nd3 50. Qd5 c4 51. Nh2 Qf2+ 52. Kh1 Qe1+ 53. Nf1 Qxf1+ 54. Kh2 c3 55. Qd4 Qf4+ 56. Qxf4 Nxf4 57. Kg3 c2 58. Kxf4 c1=Q+ 59. Ke5 Qc6 60. Kf4 Qe6 61. h4 g5+ 62. hxg5 hxg5+ 63. Kxg5 Qg6+ 64. Kh4 Qxg2 65. Kh5 Qg6+ 66. Kh4 Kg7 67. Kh3 Qg5 68. Kh2 Qg4 69. Kh1 Kg6 70. Kh2 Kg5 71. Kh1 Kf4 72. Kh2 Kf3 73. Kh1 Qg2# 0-1


[Site "https://www.chess.com"]

[Event "Titled Tuesday Blitz March 14 Late 2023"]
[White "Subelj, Jan"]
[Black "TimGrutter03"]
[WhiteFideId "14618583"]
[WhiteElo "2474"]
[BlackElo "2532"]
[Result "1-0"]
[Round "10"]
[TimeControl "180+2"]
[Date "2023.03.14"]
[WhiteClock "0:01:26"]
[BlackClock "0:00:05"]

1. Na3 g6 2. Nc4 Bg7 3. e4 c6 4. d4 d5 5. exd5 cxd5 6. Ne5 Nc6 7. Ngf3 Nf6 8. c3 O-O 9. Bf4 Ne4 10. Bd3 f6 11. Nxc6 bxc6 12. O-O Bf5 13. Qc2 g5 14. Be3 Qd7 15. Nd2 Nd6 16. Nb3 Bxd3 17. Qxd3 h6 18. Nc5 Qc8 19. Rae1 Nb7 20. Nb3 e5 21. c4 e4 22. Qc2 f5 23. f4 exf3 24. Rxf3 f4 25. Bf2 Nd6 26. cxd5 cxd5 27. Rc3 Qg4 28. Qg6 Rf6 29. Qd3 f3 30. g3 Ne4 31. Rc7 Nxf2 32. Kxf2 Qh3 33. Ree7 Qg2+ 34. Ke3 Qg1+ 35. Kd2 f2 36. Rxg7+ Kf8 37. Rg8+ 1-0


[Site "https://www.chess.com"]